Map: Ascension to Aiur LE

Players

Harstem - Winner!

  • Race: Protoss Protoss
  • League: Master
  • Spawn Location: 11:00

MMA

  • Race: Terran Terran
  • League: Diamond
  • Spawn Location: 5:00

Event: HomeStory Cup XVI

VOD

Have the link to the VOD?

Description

Time

  • Played on: Nov. 9, 2017, 7:28 a.m.
  • Length: 15:09

All games in this series

Show
View Real Time Build Order
Export as new Build Order

Harstem Protoss - Winner!

Build Orders:  

Get SALT Encoding   

  1  0:00  Probe (Chrono Boost)  
  12  0:07  Probe (Chrono Boost)  
  14  0:17  Pylon  
  14  0:23  Probe (Chrono Boost)  
  16  0:36  Gateway, Probe (Chrono Boost)  
  16  0:48  Assimilator, Probe (Chrono Boost)  
  17  0:59  Probe (Chrono Boost)  
  18  1:05  Probe (Chrono Boost)  
  19  1:15  Probe (Chrono Boost)  
  20  1:23  Cybernetics Core  
  21  1:27  Assimilator, Probe (Chrono Boost)  
  21  1:28  Pylon  
  21  1:33  Zealot  
  24  1:48  Probe (Chrono Boost)  
  24  2:00  Probe (Chrono Boost)  
  25  2:01  Stalker  
  25  2:04  Shield Battery  
  27  2:10  Pylon  
  27  2:11  Robotics Facility  
  27  2:18  Probe (Chrono Boost)  
  28  2:31  Stalker  
  28  2:33  Shield Battery  
  30  2:49  Observer  
  29  2:59  Pylon  
  29  3:01  Stalker  
  29  3:05  Pylon  
  32  3:08  Observer, Probe (Chrono Boost)  
  31  3:20  Probe (Chrono Boost)  
  31  3:37  Probe (Chrono Boost)  
  31  3:39  Nexus  
  32  3:47  Observer  
  33  3:49  Probe (Chrono Boost)  
  33  3:56  Robotics Bay  
  33  4:01  Probe (Chrono Boost)  
  33  4:11  Warp Prism  
  34  4:22  Probe (Chrono Boost)  
  35  4:34  Probe (Chrono Boost)  
  36  4:40  Disruptor  
  36  4:43  Gravitic Drive  
  37  4:46  Probe (Chrono Boost)  
  39  5:02  Probe (Chrono Boost)  
  41  5:07  Probe (Chrono Boost)  
  42  5:14  Probe (Chrono Boost)  
  42  5:17  Probe (Chrono Boost)  
  42  5:19  Disruptor  
  42  5:20  Probe (Chrono Boost)  
  46  5:23  Probe (Chrono Boost)  
  46  5:28  Probe (Chrono Boost)  
  48  5:32  Warp Gate  
  48  5:33  Probe (Chrono Boost)  
  50  5:40  Probe (Chrono Boost)  
  48  5:45  Probe (Chrono Boost)  
  48  5:47  Stalker  
  48  5:54  Probe (Chrono Boost)  
  48  6:01  Probe (Chrono Boost)  
  48  6:06  Probe (Chrono Boost)  
  49  6:14  Probe (Chrono Boost)  
  49  6:18  Gateway, Probe (Chrono Boost)  
  52  6:26  Probe (Chrono Boost)  
  52  6:28  Probe (Chrono Boost)  
  52  6:32  Probe (Chrono Boost)  
  53  6:34  Probe (Chrono Boost)  
  53  6:37  Pylon  
  55  6:40  Probe (Chrono Boost)  
  55  6:41  Gateway  
  55  6:44  Probe (Chrono Boost)  
  54  6:50  Disruptor  
  57  6:54  Pylon  
  57  7:03  Probe (Chrono Boost)  
  57  7:04  Assimilator, Probe (Chrono Boost)  
  59  7:11  Forge  
  59  7:19  Probe (Chrono Boost)  
  59  7:20  Probe (Chrono Boost), Twilight Council  
  61  7:24  Assimilator  
  61  7:31  Protoss Ground Armor Level 1  
  61  7:32  Probe x2 (Chrono Boost)  
  63  7:39  Stalker x3  
  63  7:41  Charge  
  63  7:44  Probe x2 (Chrono Boost)  
  68  7:56  Probe x2 (Chrono Boost)  
  70  8:06  Pylon  
  70  8:08  Probe x2 (Chrono Boost)  
  74  8:20  Probe (Chrono Boost)  
  74  8:21  Probe (Chrono Boost)  
  73  8:27  Stalker x3  
  73  8:32  Probe (Chrono Boost)  
  77  8:40  Probe (Chrono Boost)  
  78  8:44  Probe (Chrono Boost)  
  78  8:51  Colossus  
  86  9:03  Gateway  
  86  9:04  Pylon  
  86  9:06  Gateway, Pylon  
  86  9:08  Gateway  
  84  9:15  Extended Thermal Lance  
  84  9:21  Blink  
  84  9:24  Nexus  
  82  9:35  Protoss Ground Armor Level 2  
  82  9:37  Shield Battery  
  82  9:40  Pylon  
  82  9:43  Pylon  
  82  9:44  Probe (Chrono Boost)  
  82  9:45  Probe (Chrono Boost)  
  84  9:49  Observer  
  84  9:57  Probe (Chrono Boost)  
  84  9:59  Probe (Chrono Boost)  
  86  10:03  Shield Battery  
  86  10:04  Photon Cannon  
  86  10:07  Colossus  
  86  10:09  Probe (Chrono Boost)  
  86  10:11  Probe (Chrono Boost)  
  94  10:21  Probe (Chrono Boost)  
  95  10:23  Probe (Chrono Boost), Sentry  
  95  10:24  Stalker x2  
  102  10:34  Photon Cannon  
  103  10:37  Probe (Chrono Boost)  
  103  10:45  Stalker x2  
  103  10:49  Shield Battery  
  107  10:50  Assimilator  
  107  10:51  Pylon  
  107  10:57  Zealot x2, Sentry  
  107  10:58  Shield Battery  
  107  11:01  Probe (Chrono Boost)  
  112  11:04  Colossus  
  110  11:11  Stalker, Probe (Chrono Boost)  
  110  11:12  Stalker  
  110  11:17  Probe (Chrono Boost)  
  121  11:26  Zealot x4  
  130  11:33  Pylon  
  129  11:40  Zealot x2  
  133  11:53  Protoss Ground Armor Level 3  
  133  12:00  Zealot x6  
  127  12:02  Colossus  
  128  12:10  Probe (Chrono Boost)  
  130  12:21  Zealot x6  
  140  12:28  Nexus  
  140  12:36  Assimilator  
  140  12:38  Photon Cannon  
  140  12:40  Pylon  
  140  12:46  Stalker x3  
  144  13:01  Probe (Chrono Boost)  
  144  13:02  Pylon  
  144  13:03  Probe (Chrono Boost)  
  144  13:05  Sentry, Pylon  
  148  13:06  Zealot x2  
  148  13:08  Pylon  
  148  13:10  Observer  
  152  13:16  Forge, Colossus  
  152  13:18  Pylon  
  152  13:19  Pylon  
  152  13:24  Stalker, Sentry x2  
  164  13:40  Zealot x3  
  169  13:44  Shield Battery, Probe (Chrono Boost)  
  168  13:48  Stalker x3  
  168  13:49  Probe (Chrono Boost)  
  175  13:56  Probe (Chrono Boost)  
  167  14:05  Stalker x3, Observer  
  171  14:14  Shield Battery  
  167  14:17  Photon Cannon x2  
  167  14:22  Templar Archives  
  167  14:23  Zealot x2  
  171  14:25  Gateway  
  171  14:28  Gateway  
  171  14:33  Stalker x3  
  171  14:34  Sentry  
  179  14:51  Zealot x2  
  181  15:01  Zealot x3  
  181  15:02  Zealot  
Show
View Real Time Build Order
Export as new Build Order

MMA Terran 

Build Orders: Liberator Opening, MMM Bio 

Get SALT Encoding   

  12  0:00  SCV  
  13  0:13  SCV  
  14  0:17  Supply Depot  
  14  0:25  SCV  
  15  0:42  Barracks  
  15  0:45  Refinery, SCV  
  16  0:55  Refinery  
  16  0:58  SCV  
  17  1:10  SCV  
  18  1:22  SCV  
  19  1:29  Barracks Tech Lab  
  19  1:35  Ghost Academy  
  19  1:46  Orbital Command  
  19  2:00  Factory  
  19  2:17  Ghost  
  19  2:21  SCV  
  22  2:29  Supply Depot  
  22  2:34  SCV  
  23  2:50  SCV, Ghost  
  26  3:00  Starport  
  26  3:09  SCV  
  27  3:15  Cyclone  
  28  3:21  SCV  
  28  3:27  Supply Depot  
  29  3:33  SCV  
  30  3:40  Liberator  
  30  3:45  SCV  
  34  3:48  Cyclone  
  34  3:54  Supply Depot  
  35  4:16  Command Center  
  35  4:20  Barracks  
  35  4:21  SCV  
  36  4:33  SCV  
  37  4:40  Medivac  
  37  4:41  Cyclone  
  42  4:46  SCV  
  43  4:54  Barracks  
  43  4:58  SCV  
  43  4:59  Supply Depot  
  44  5:08  Barracks Tech Lab  
  44  5:10  SCV  
  45  5:18  Factory Tech Lab  
  45  5:22  SCV  
  45  5:23  Barracks  
  45  5:27  Marine  
  47  5:30  Stimpack  
  47  5:32  Orbital Command  
  47  5:34  SCV  
  48  5:45  Marine  
  48  5:46  SCV  
  48  5:49  Marine  
  51  5:56  Cyclone  
  54  5:58  SCV  
  54  6:02  Viking, Marine  
  55  6:07  SCV, Marine  
  55  6:10  SCV  
  55  6:12  Marine  
  54  6:19  SCV  
  54  6:20  Marine  
  54  6:22  SCV  
  57  6:27  Barracks Reactor  
  57  6:28  Siege Tank  
  57  6:30  Barracks Reactor  
  57  6:31  Barracks Reactor  
  58  6:35  SCV  
  58  6:37  SCV  
  60  6:45  Marine  
  60  6:47  SCV  
  62  6:49  SCV  
  62  6:53  Supply Depot  
  62  6:54  Supply Depot  
  63  6:59  SCV  
  63  7:00  Supply Depot, Siege Tank  
  68  7:01  SCV  
  68  7:02  Marine  
  69  7:11  SCV  
  69  7:14  Marine x6  
  76  7:17  Supply Depot  
  76  7:21  Engineering Bay  
  76  7:22  SCV  
  77  7:23  SCV  
  77  7:29  Marauder  
  80  7:30  Combat Shields  
  80  7:33  Supply Depot  
  80  7:34  Marine x4  
  80  7:35  Marine x2  
  85  7:43  SCV x2  
  87  7:49  Supply Depot  
  86  7:52  Marauder  
  86  7:55  Marine x2  
  86  7:57  Marine  
  94  8:01  Supply Depot  
  94  8:02  Refinery  
  91  8:10  Barracks Tech Lab  
  91  8:11  Refinery, Terran Infantry Weapons Level 1  
  89  8:13  Marauder  
  89  8:18  SCV x2  
  92  8:22  Siege Tank  
  92  8:23  Supply Depot  
  93  8:34  Marauder  
  93  8:35  Marine x2  
  93  8:36  Command Center, Marine x2  
  99  8:45  Starport Reactor  
  99  8:47  SCV x2  
  99  8:53  Supply Depot  
  99  8:55  Marauder, Marine x4  
  96  8:56  Siege Tank  
  99  9:05  Missile Turret  
  95  9:10  Missile Turret  
  94  9:20  Marauder x2, Marine x4  
  101  9:25  Barracks  
  101  9:33  Medivac x2  
  105  9:39  Supply Depot x3  
  105  9:43  Marauder x2  
  105  9:44  Concussive Shells  
  109  9:47  SCV  
  109  9:48  SCV  
  109  9:51  Orbital Command  
  101  10:00  SCV x2  
  101  10:03  Medivac x2  
  106  10:12  SCV  
  107  10:17  Marauder x2  
  107  10:18  Marine x2  
  111  10:22  Orbital Command  
  111  10:31  Marine x2  
  111  10:33  SCV x2  
  111  10:35  Medivac x2  
  119  10:46  Marauder  
  119  10:47  Marauder, Marine x2  
  119  10:49  SCV x2  
  127  10:51  SCV  
  127  10:53  Supply Depot  
  127  10:56  Terran Infantry Armor Level 1  
  128  11:01  SCV x2  
  130  11:07  Refinery  
  123  11:12  Marauder x2  
  123  11:13  SCV x2, Marine x2  
  123  11:14  Marine x2  
  133  11:25  SCV x2  
  133  11:27  Viking  
  133  11:28  Viking  
  138  11:33  Marauder x2  
  142  11:40  Marine x2  
  142  11:41  Marauder  
  143  11:55  Marauder x2  
  143  11:58  Marine x2  
  143  11:59  Marine x2  
  126  12:03  Marauder  
  126  12:05  Viking x2  
  110  12:11  Armory, Engineering Bay  
  108  12:15  Starport, Marine  
  108  12:16  Marauder  
  108  12:17  Starport  
  108  12:19  Refinery  
  108  12:22  Marauder  
  113  12:24  Marauder, Marine x3  
  118  12:33  Marine  
  119  12:37  Marauder  
  119  12:43  Marauder, Marine x3  
  126  12:45  Marauder  
  126  12:48  Command Center  
  125  13:02  Marauder, Marine x4  
  125  13:03  Medivac x2  
  125  13:04  Marauder  
  129  13:06  Starport Reactor  
  129  13:07  Marauder  
  131  13:22  Marine x4  
  131  13:23  Marauder  
  131  13:26  Marauder  
  139  13:28  Marauder  
  139  13:29  Barracks  
  139  13:33  Liberator x2  
  137  13:42  Marine x2  
  137  13:44  Marauder  
  137  13:47  Marauder  
  132  13:49  Liberator, Marine x2  
  109  14:06  Marauder x2  
  109  14:09  Liberator  
  101  14:14  Marauder  
  101  14:15  Marine x2  
  102  14:27  Marauder  
  107  14:42  Marauder x2  
Tags
 
Add a new tag
Caveats
  • Supply blocks, unpowered buildings, or Contaminate may cause inaccurate times.
  • Supply counts are checked every 10 seconds.